Map: Rhoskallian LE

Players

yourvoice

  • Race: Terran Terran
  • Spawn Location: 5:00

liam

  • Race: Protoss Protoss
  • League: Silver
  • Spawn Location: 6:00

xxscallionxx

  • Race: Protoss Protoss
  • Spawn Location: 12:00

David

  • Race: Terran Terran
  • Spawn Location: 11:00

VOD

Have the link to the VOD?

Description

Time

  • Played on: April 10, 2025, 3:18 p.m.
  • Length: 3:46
Show
View Real Time Build Order
Export as new Build Order

yourvoice Terran 

Build Orders:  

Get SALT Encoding   

  12  0:01  SCV  
  13  0:18  Supply Depot  
  13  0:19  SCV  
  14  0:31  SCV  
  15  0:45  Barracks  
  15  0:46  SCV  
  16  0:59  SCV  
  17  1:14  SCV  
  18  1:26  SCV  
  19  1:33  Supply Depot  
  19  1:36  Barracks  
  19  1:37  Refinery  
  19  1:39  Marine, Refinery  
  20  1:40  SCV  
  21  1:53  SCV  
  22  1:57  Marine  
  23  2:15  Marine  
  24  2:21  Supply Depot  
  24  2:22  SCV  
  25  2:32  Marine  
  25  2:34  SCV  
  27  2:40  Barracks Reactor  
  27  2:44  Engineering Bay  
  27  2:46  SCV  
  28  2:58  SCV  
  28  3:00  Barracks Tech Lab  
  29  3:19  Marine  
  30  3:23  Marine x2  
  32  3:28  Barracks  
  32  3:29  SCV  
  33  3:36  Missile Turret  
Show
View Real Time Build Order
Export as new Build Order

liam Protoss 

Build Orders:  

Get SALT Encoding   

  12  0:00  Probe  
  13  0:16  Probe  
  14  0:28  Probe  
  15  0:36  Pylon  
  15  0:50  Pylon  
  15  0:52  Probe  
  16  1:00  Probe  
  17  1:08  Probe  
  17  1:09  Gateway  
  17  1:17  Gateway  
  18  1:20  Probe  
  18  1:21  Pylon  
  19  1:30  Probe  
  20  1:37  Assimilator  
  20  1:38  Probe  
  21  1:47  Probe  
  21  1:50  Pylon  
  22  1:59  Cybernetics Core  
  22  2:04  Zealot x2  
  26  2:18  Gateway  
  26  2:21  Pylon  
  26  2:23  Zealot  
  26  2:31  Zealot  
  29  2:58  Zealot x2  
  29  3:06  Stalker  
  31  3:19  Assimilator  
Show
View Real Time Build Order
Export as new Build Order

xxscallionxx Protoss 

Build Orders: 1 Gate Expand 

Get SALT Encoding   

  12  0:01  Probe  
  13  0:13  Probe  
  14  0:18  Pylon  
  14  0:26  Probe  
  15  0:38  Probe  
  15  0:41  Gateway  
  16  0:45  Assimilator  
  16  0:50  Probe  
  17  0:58  Probe  
  18  1:07  Probe  
  19  1:19  Probe  
  20  1:39  Nexus  
  20  1:40  Pylon  
  20  2:00  Cybernetics Core  
  20  2:05  Gateway  
  15  3:10  Stalker x2  
  19  3:30  Probe x2  
Show
View Real Time Build Order
Export as new Build Order

David Terran 

Build Orders:  

Get SALT Encoding   

  12  0:01  SCV  
  13  0:13  SCV  
  14  0:20  Supply Depot  
  14  0:43  Refinery  
  14  0:48  Barracks  
  14  0:50  SCV  
  15  1:02  SCV  
  16  1:16  SCV  
  17  1:35  Barracks Reactor  
  17  1:43  Command Center  
  17  1:44  Orbital Command  
  17  2:06  Bunker  
  17  2:14  Marine x2  
  19  2:32  Marine x2  
  19  2:35  SCV  
  22  2:47  SCV  
  23  2:51  Marine  
  23  2:57  Marine  
  23  2:59  SCV  
  24  3:09  Marine  
  24  3:11  SCV  
  23  3:15  Marine  
  23  3:27  Marine  
Tags
 
Add a new tag
Caveats
  • Supply blocks, unpowered buildings, or Contaminate may cause inaccurate times.
  • Supply counts are checked every 10 seconds.